 Dungeon Crawl Stone Soup version 0.26.0-10-g1f06aea511 (webtiles) character file.

Game seed: 7200448847108946788

348 Amaterasu the Archer (level 6, 0/51 HPs)
             Began as a Gnoll Hunter on Feb 1, 2021.
             Slain by a centaur (1 damage)
             ... on level 5 of the Dungeon.
             The game lasted 00:07:12 (4134 turns).

Amaterasu the Archer (Gnoll Hunter)                 Turns: 4134, Time: 00:07:12

Health: 0/51       AC:  6    Str: 16    XL:     6   Next: 60%
Magic:  9/9        EV: 14    Int: 13    God:
Gold:   265        SH:  0    Dex: 16    Spells: 9/9 levels left

rFire    . . .     SeeInvis .   q - +0 dagger (distort)
rCold    . . .     Faith    .   (no shield)
rNeg     . . .     Spirit   .   h - +0 ring mail
rPois    .         Reflect  .   (no helmet)
rElec    .         Harm     .   j - +0 cloak
rCorr    .         Rampage  .   (no gloves)
Will     .....                  (no boots)
Stlth    ++........             (no amulet)
HPRegen  0.17/turn              (no ring)
MPRegen  0.11/turn              (no ring)

@: no status effects
A: distributed training, fangs 1, strong nose
a: no special abilities


You were on level 5 of the Dungeon.
You visited 1 branch of the dungeon, and saw 5 of its levels.

You collected 265 gold pieces.

Inventory:

Hand Weapons
 a - a +2 shortbow
 b - a +0 short sword
 q - a +0 dagger of distortion (weapon)
Missiles
 d - 17 arrows
 k - 8 boomerangs (quivered)
Armour
 c - a +0 leather armour
 h - a +0 ring mail (worn)
 j - a +0 cloak (worn)
 s - a cursed +0 buckler
Jewellery
 o - an uncursed amulet of reflection
Wands
 u - a wand of iceblast (9)
 w - a wand of flame (5)
Scrolls
 e - 4 scrolls of teleportation
 g - 3 scrolls of enchant weapon
 i - a scroll of remove curse
Potions
 l - a potion of flight
 n - a potion of attraction
 r - a potion of cancellation
 t - a potion of resistance
 x - a potion of haste {unknown}


   Skills:
 + Level 5.0 Fighting
 + Level 2.0 Short Blades
 + Level 2.0 Long Blades
 + Level 2.0 Axes
 + Level 2.0 Maces & Flails
 + Level 2.0 Polearms
 + Level 2.0 Staves
 + Level 2.0 Slings
 + Level 8.8 Bows
 + Level 2.0 Crossbows
 + Level 2.0 Throwing
 + Level 2.0 Armour
 + Level 5.0 Dodging
 + Level 3.1 Stealth
 + Level 2.0 Shields
 + Level 2.0 Unarmed Combat
 + Level 2.0 Spellcasting
 + Level 1.6 Conjurations
 + Level 1.6 Hexes
 + Level 1.6 Summonings
 + Level 1.6 Necromancy
 + Level 1.6 Translocations
 + Level 1.6 Transmutations
 + Level 1.6 Fire Magic
 + Level 1.6 Ice Magic
 + Level 1.6 Air Magic
 + Level 1.6 Earth Magic
 + Level 1.6 Poison Magic
 + Level 2.2 Invocations
 + Level 2.0 Evocations


You had 9 spell levels left.
You didn't know any spells.
Your spell library was empty.

Dungeon Overview and Level Annotations

Branches:
Dungeon (5/15)
 Temple: D:4-7

Altars:
Elyvilon
Makhleb
Vehumet
The Shining One


Innate Abilities, Weirdness & Mutations

Your experience applies equally to all skills.
You have very sharp teeth.
Your uncanny sense of smell can sniff out nearby items.


Message History

The arrow hits you!
You are too injured to fight recklessly!
You are too injured to fight recklessly!
You feel much better.
The centaur shoots an arrow.
The arrow closely misses you.
The centaur shoots an arrow.
The arrow hits you!
The centaur shoots an arrow.
The arrow hits you!
The centaur shoots an arrow.
The arrow hits you!
* * * LOW HITPOINT WARNING * * *
Blink to where?
Press: ? - help, Dir - move target
As you read the scroll of blinking, it crumbles to dust.
The centaur unwields a +0 shortbow.
The centaur completely misses you.
You feel better.
The centaur shoots an arrow.
The arrow hits you!
* * * LOW HITPOINT WARNING * * *
The centaur closely misses you.
The centaur shoots an arrow.
The arrow misses you.
You hit the centaur.
Space bends around the centaur!
The centaur is severely wounded.
The centaur hits you.
You die...

#.# #.# #.# #.#
#.# #(# #.# ∆
#@## #.c# ## ##.#
.. #(# ####. #(#
.....[#c#####
#........#
.......(###.#####
####.####
#.#...##


You could see 2 centaurs.

Vanquished Creatures
  A bullfrog (D:4)
  2 hounds
  Crazy Yiuf (D:2)
  Natasha (twice) (D:3)
  An iguana (D:4)
  2 adders (D:2)
  4 worms
  2 dart slugs
  4 leopard geckos
  2 ball pythons (D:2)
  2 giant cockroaches
  12 goblins
  7 hobgoblins
  8 jackals
  A quokka (D:3)
  11 bats
  2 frilled lizards
  8 kobolds
  12 rats
84 creatures vanquished.

Vanquished Creatures (others)
  5 plants (D:2)
5 creatures vanquished.

Grand Total: 89 creatures vanquished

Notes
Turn   | Place    | Note
-------+----------+-------------------------------------------
     0 | D:1      | Amaterasu the Gnoll Hunter began the quest for the Orb.
     0 | D:1      | Reached XP level 1. HP: 20/20 MP: 1/1
    27 | D:1      | Reached XP level 2. HP: 20/26 MP: 2/2
   613 | D:1      | Reached XP level 3. HP: 30/31 MP: 3/3
  1015 | D:2      | Reached skill level 1 in Invocations
  1344 | D:2      | Reached skill level 1 in Short Blades
  1344 | D:2      | Reached skill level 1 in Long Blades
  1344 | D:2      | Reached skill level 1 in Axes
  1344 | D:2      | Reached skill level 1 in Maces & Flails
  1344 | D:2      | Reached skill level 1 in Polearms
  1344 | D:2      | Reached skill level 1 in Staves
  1344 | D:2      | Reached skill level 1 in Slings
  1344 | D:2      | Reached skill level 1 in Crossbows
  1344 | D:2      | Reached skill level 1 in Throwing
  1344 | D:2      | Reached skill level 1 in Armour
  1344 | D:2      | Reached skill level 1 in Shields
  1344 | D:2      | Reached skill level 1 in Unarmed Combat
  1344 | D:2      | Reached skill level 1 in Spellcasting
  1344 | D:2      | Reached skill level 1 in Evocations
  1375 | D:2      | Found a white marble altar of Elyvilon.
  1461 | D:2      | Reached XP level 4. HP: 38/38 MP: 5/5
  1880 | D:2      | Found a burning altar of Makhleb.
  1891 | D:2      | Reached skill level 1 in Conjurations
  1891 | D:2      | Reached skill level 1 in Hexes
  1891 | D:2      | Reached skill level 1 in Summonings
  1891 | D:2      | Reached skill level 1 in Necromancy
  1891 | D:2      | Reached skill level 1 in Translocations
  1891 | D:2      | Reached skill level 1 in Transmutations
  1891 | D:2      | Reached skill level 1 in Fire Magic
  1891 | D:2      | Reached skill level 1 in Ice Magic
  1891 | D:2      | Reached skill level 1 in Air Magic
  1891 | D:2      | Reached skill level 1 in Earth Magic
  1891 | D:2      | Reached skill level 1 in Poison Magic
  1992 | D:2      | Found a runed translucent door.
  1993 | D:2      | Noticed Crazy Yiuf
  2003 | D:2      | Killed Crazy Yiuf
  2004 | D:2      | Reached XP level 5. HP: 43/43 MP: 5/7
  2643 | D:3      | Noticed Natasha
  2654 | D:3      | Killed Natasha
  2861 | D:3      | Noticed Natasha
  2886 | D:3      | Killed Natasha
  3404 | D:4      | Reached XP level 6. HP: 46/50 MP: 8/8
  3474 | D:4      | Found a radiant altar of Vehumet.
  3631 | D:4      | Found a glowing golden altar of the Shining One.
  3909 | D:4      | Reached skill level 5 in Fighting
  3909 | D:4      | Reached skill level 5 in Dodging
  4103 | D:5      | Entered Level 5 of the Dungeon
  4133 | D:5      | HP: 1/51 [centaur/arrow (11)]
  4134 | D:5      | Slain by a centaur

Illustrated notes

Levels and vault maps discovered:
D:1:      nzn_arrival_crosshair, layout_rooms
D:2:      layout_rooms, makhleb_heckhound_becter, lemuel_coloured_pillars_altar,
          serial_bayou_crossing, uniq_crazy_yiuf_cottage
D:3:      layout_loops_cross, uniq_natasha
D:4:      layout_gridville, vehumet_altar_wand_db, lemuel_doored_altar
D:5:      layout_loops_ring, minmay_temple_entry_glassed_door, basic_altar,
          nemelex_lonely_heart_becter, uniq_prince_ribbit1

Skill      XL: |  1  2  3  4  5  6 |
---------------+-------------------+-----
Invocations    | 1 2 |  2.2
Short Blades   | 1 2 |  2.0
Long Blades    | 1 2 |  2.0
Axes           | 1 2 |  2.0
Maces & Flails | 1 2 |  2.0
Polearms       | 1 2 |  2.0
Staves         | 1 2 |  2.0
Slings         | 1 2 |  2.0
Crossbows      | 1 2 |  2.0
Throwing       | 1 2 |  2.0
Armour         | 1 2 |  2.0
Shields        | 1 2 |  2.0
Unarmed Combat | 1 2 |  2.0
Spellcasting   | 1 2 |  2.0
Evocations     | 1 2 |  2.0
Conjurations   | 1 |  1.6
Hexes          | 1 |  1.6
Summonings     | 1 |  1.6
Necromancy     | 1 |  1.6
Translocations | 1 |  1.6
Transmutations | 1 |  1.6
Fire Magic     | 1 |  1.6
Ice Magic      | 1 |  1.6
Air Magic      | 1 |  1.6
Earth Magic    | 1 |  1.6
Poison Magic   | 1 |  1.6
Stealth        | 3 |  3.1
Fighting       | 5 |  5.0
Dodging        | 5 |  5.0
Bows           | |  8.8

Action                   |  1- 3 |  4- 6 || total
-------------------------+-------+-------++-------
Melee: Short sword       |   144 |   190 ||   334
       Bite              |     8 |    20 ||    28
       Dagger            |       |    27 ||    27
       Punch             |       |     1 ||     1
 Fire: Shortbow          |    22 |     8 ||    30
  Use: Scroll            |     5 |     9 ||    14
       Potion            |       |     3 ||     3
 Stab: Sleeping          |       |     1 ||     1
       Distracted        |       |     1 ||     1
Armor: Leather armour    |    10 |       ||    10
       Ring mail         |    30 |    54 ||    84
       Skin              |       |     5 ||     5
Dodge: Dodged            |   124 |   186 ||   310
